 Dungeon Crawl Stone Soup version 0.20-a0-842-g939b552 (webtiles) character file.

697 M4edhros the Slasher (level 7, -3/55 HPs)
             Began as a Mummy Chaos Knight on Mar 9, 2017.
             Hit by a large rock thrown by a stone giant (33 damage)
             ... on level 2 of the Dungeon.
             The game lasted 00:05:38 (15041 turns).

M4edhros the Slasher (Mummy Chaos Knight)          Turns: 15041, Time: 00:05:38

Health: -3/55      AC:  5    Str: 15 (16) XL:     7   Next: 37%
Magic:  7/7        EV:  9    Int: 10 (11) God:    Xom [..*...]
Gold:   205        SH:  7    Dex:  6 (13) Spells: 6/6 levels left

rFire    x . .     SeeInvis .   n - +0 long sword
rCold    + . .     Gourm    .   b - +2 leather armour
rNeg     + + +     Faith    .   j - +0 shield
rPois    ∞         Spirit   .   (no helmet)
rElec    .         Reflect  .   (no cloak)
rCorr    .         Harm     .   (no gloves)
MR       .....                  (no boots)
Stlth    ++........             (no amulet)
Regen    0.2/turn               d - ring "Fuifagid" {+Fly Slay+4}
MPRegen  0.1/turn               p - ring of stealth

@: no status effects
A: no food or potions, fire vulnerability, cold resistance 1, negative energy
resistance 3, torment resistance, unbreathing
a: Renounce Religion, Evoke Flight


You were on level 2 of the Dungeon.
You worshipped Xom.
You were a toy of Xom.
You were not hungry.

You visited 1 branch of the dungeon, and saw 3 of its levels.

You collected 205 gold pieces.

Inventory:

Hand Weapons
 a - a +0 falchion of chaos
 n - a +0 long sword (weapon)
Armour
 b - a +2 leather armour (worn)
 i - a +0 large shield
 j - a +0 shield (worn)
Magical Staves
 l - an uncursed staff of wizardry
Jewellery
 d - the ring "Fuifagid" (right hand) {+Fly Slay+4}
   (Xom gifted it to you on level 2 of the Dungeon)

   [ring of flight]

   It affects your accuracy and damage with ranged weapons and melee attacks
   (+4).
   It lets you fly.
 p - a ring of stealth (left hand)
Scrolls
 c - a scroll of enchant weapon {unknown}
 e - a scroll of magic mapping {unknown}
 g - 4 scrolls of teleportation {unknown}
 h - 5 scrolls of remove curse {unknown}
 k - a scroll of blinking {unknown}
 m - 2 scrolls of identify {unknown}


   Skills:
 + Level 4.6 Fighting
 * Level 4.8 Long Blades
 - Level 3.1 Armour
 + Level 2.9 Dodging
 * Level 1.2 Shields


You had 6 spell levels left.
You didn't know any spells.

Dungeon Overview and Level Annotations

Branches:
Dungeon (3/15)

Altars:
Cheibriados
Uskayaw
Vehumet
Xom


Innate Abilities, Weirdness & Mutations

You do not eat or drink.
Your flesh is vulnerable to fire.
You are immune to poison.
Your flesh is cold resistant. (rC+)
You are immune to negative energy. (rN+++)
You are immune to unholy pain and torment.
You can survive without breathing.


Message History

You start waiting.
Done waiting.
You start waiting.
A kobold comes into view.
A kobold is nearby!
A kobold is nearby!
A kobold is nearby!
A kobold is nearby!
A stone giant comes into view.
The kobold shouts!
The stone giant shouts!
You slash the kobold!
You kill the kobold!
The stone giant throws a large rock.
You block the large rock.
Xom guffaws.
The stone giant throws a large rock.
The large rock hits you!!
You see here a large rock.
The stone giant throws a large rock.
The large rock hits you!!
Ouch! That really hurt!
You die...
Xom bursts into laughter!

## ###############.
#............†..
#.#############. #.# #.
#.# #. ##########.#
#####. #...b...##C#
#..... #.%....b@..#
#.....
#....b.(#..#########.....
#.....(.##.............#.
#.....b.##.###########.#.
#...>#........).%.....<#.
##..##..##..#####......#.
#''##..##..# ##....#####
#..##..##..# ...........
#__######..# ###.....##


You could see a stone giant.

Vanquished Creatures
  A glowing orange brain (D:1)
  A killer bee zombie (D:2)
  2 adders (D:2)
  3 gnolls (D:3)
  An ooze (D:2)
  A worm (D:1)
  3 dart slugs
  7 leopard geckos
  5 orcs
  9 bats
  8 giant cockroaches
  8 goblins
  7 hobgoblins
  2 jackals (D:2)
  10 kobolds
  6 quokkas (D:3)
  A ball python (D:1)
  2 frilled lizards (D:1)
  9 rats
86 creatures vanquished.

Vanquished Creatures (others)
  A goblin (D:1)
  2 plants (D:3)
3 creatures vanquished.

Grand Total: 89 creatures vanquished

Notes
Turn   | Place    | Note
-------+----------+-------------------------------------------
     0 | D:1      | M4edhros the Mummy Chaos Knight began the quest for the Orb.
     0 | D:1      | Reached XP level 1. HP: 18/18 MP: 1/1
    52 | D:1      | XOM: divination: magic mapping
   121 | D:1      | XOM: god gift: silvery potion {god gift}
   138 | D:1      | Reached XP level 2. HP: 19/24 MP: 2/2
   329 | D:1      | Reached skill level 1 in Dodging
   739 | D:1      | XOM: scenery: create altars
   771 | D:1      | XOM: cloud trail
   826 | D:1      | XOM: god gift: royal jelly
  1126 | D:1      | XOM is BORED!
  1587 | D:1      | XOM: scenery: create altars
  1630 | D:1      | XOM: scenery: create altars
  1898 | D:1      | XOM: cloud trail
  1909 | D:1      | XOM: silly message
  2288 | D:1      | XOM: divination: detect items
  2512 | D:1      | XOM: destruction
  2588 | D:1      | XOM: divination: detect creatures
  2655 | D:1      | XOM: medium Necr miscast
  3334 | D:1      | XOM: harmless Ice miscast
  3445 | D:1      | XOM: medium Chrm miscast
  3608 | D:1      | XOM: harmless Chrm miscast
  4526 | D:1      | XOM: cloud trail
  4735 | D:1      | XOM: divination: detect creatures
  5100 | D:1      | XOM: mild Conj miscast
  5213 | D:1      | XOM: noise
  5324 | D:1      | Noticed a glowing orange brain
  5324 | D:1      | XOM: potion effect (haste)
  5325 | D:1      | XOM: potion effect (invisibility)
  5329 | D:1      | XOM: confuse monster(s)
  5352 | D:1      | Killed a glowing orange brain
  5352 | D:1      | Reached XP level 3. HP: 31/31 MP: 3/3
  5352 | D:1      | Reached XP level 4. HP: 38/38 MP: 4/4
  5352 | D:1      | Reached XP level 5. HP: 43/43 MP: 5/5
  5352 | D:1      | Reached XP level 6. HP: 49/49 MP: 6/6
  5352 | D:1      | Reached XP level 7. HP: 55/55 MP: 7/7
  5392 | D:1      | XOM: god gift: 49 gold pieces
  6239 | D:1      | XOM: scenery: create altars
  6369 | D:1      | XOM: harmless Air miscast
  6384 | D:1      | XOM: enchant monster (bad)
  6396 | D:1      | XOM: divination: magic mapping
  6413 | D:1      | XOM is BORED!
  6413 | D:1      | XOM: summons 3 hostile demons
  6425 | D:1      | XOM: cast spell 'Summon Butterflies'
  6430 | D:1      | XOM: potion effect (brilliance)
  6533 | D:2      | Found a radiant altar of Vehumet.
  6533 | D:2      | Found a snail-covered altar of Cheibriados.
  6545 | D:2      | XOM: god gift: 15 gold pieces
  6756 | D:2      | XOM: medium Chrm miscast
  6993 | D:2      | XOM: god gift: crooked runed staff {god gift}
  7091 | D:2      | XOM: mild Necr miscast
  7299 | D:2      | XOM: mild Summ miscast
  7416 | D:3      | XOM: 9-stop teleportation journey
  7582 | D:3      | Found a hide-covered altar of Uskayaw.
  7609 | D:3      | XOM: 4-stop teleportation journey
  7635 | D:3      | XOM: scenery: create altars
  7644 | D:3      | XOM: noise
  8428 | D:2      | XOM: god gift: twitching tin ring {god gift}
  8429 | D:2      | Got a twitching tin ring {god gift}
  8430 | D:2      | Identified the ring "Fuifagid" {+Fly Slay+4} (Xom gifted it to you on level 2 of the Dungeon)
  8739 | D:2      | XOM: summons 3 hostile demons
  8997 | D:2      | XOM: summons 3 hostile demons
  8998 | D:2      | Noticed a chaos spawn
  9029 | D:3      | XOM: summons 3 hostile demons
  9248 | D:2      | XOM: harmless Hex miscast
  9556 | D:2      | Reached skill level 1 in Shields
  9626 | D:2      | XOM: mild Chrm miscast
  9729 | D:2      | XOM: mild Air miscast
 10255 | D:2      | XOM: summons 3 hostile demons
 10256 | D:2      | Noticed a rust devil
 10272 | D:3      | XOM: noise
 10621 | D:2      | XOM: cloud trail
 10631 | D:2      | XOM: scenery: 2 fountains blood, 2 doors close
 10815 | D:2      | XOM: mild Pois miscast
 11226 | D:2      | XOM is BORED!
 11226 | D:2      | XOM: medium Chrm miscast
 11272 | D:2      | XOM: stat loss: -1 Int (10/11)
 12526 | D:2      | XOM: divination: detect creatures
 12780 | D:2      | XOM: scenery: 2 doors open
 13312 | D:2      | XOM: harmless Erth miscast
 14245 | D:2      | XOM: harmless Fire miscast
 14449 | D:2      | XOM is BORED!
 14449 | D:2      | XOM: mild Conj miscast
 14789 | D:2      | XOM: stat loss: -1 Str (15/16)
 15037 | D:2      | Noticed a stone giant
 15040 | D:2      | XOM: cast spell 'Summon Butterflies'
 15041 | D:2      | Hit by a large rock thrown by a stone giant

Vault maps used:
D:1:      tarquinn_simple_flora_water_d
D:2:      wad_river_or_something, gammafunk_temple_overflow_wave, dk_vineyard_1
D:3:      wad_woods_stonehenge, corner_web_ring

Skill      XL: |  1  2  3  4  5  6  7 |
---------------+----------------------+-----
Dodging        | 2 |  2.9
Fighting       | 4 |  4.6
Long Blades    | 4 |  4.8
Armour         | 3 |  3.1
Shields        | 1 |  1.2

Action                   |  1- 3 |  4- 6 |  7- 9 || total
-------------------------+-------+-------+-------++-------
Melee: Falchion          |    56 |       |   150 ||   206
       Long sword        |       |       |   115 ||   115
 Stab: Petrified         |    10 |       |       ||    10
       Distracted        |       |       |     1 ||     1
Armor: Leather armour    |    15 |       |    98 ||   113
Dodge: Dodged            |    38 |       |   141 ||   179
Block: Shield            |       |       |   105 ||   105
       Large shield      |       |       |     6 ||     6
       Rpst.: Falchion   |    15 |       |    18 ||    33
       Long sword        |       |       |    18 ||    18
